 Dungeon Crawl Stone Soup version 0.24-a0-170-gd8427f5 (webtiles) character file.

Game seed: 1312569792320090693

171 Gunnerkreig the Conjurer (level 5, -7/38 HPs)
             Began as a Draconian Wizard on Mar 8, 2019.
             Killed by divine providence
             ... invoked by an orc priest
              (14 damage)
             ... on level 2 of the Dungeon.
             The game lasted 00:11:19 (2852 turns).

Gunnerkreig the Conjurer (Draconian Wizard)         Turns: 2852, Time: 00:11:20

Health: -7/38      AC:  5    Str: 11    XL:     5   Next: 26%
Magic:  14/20      EV: 12    Int: 17    God:
Gold:   103        SH:  0    Dex: 10    Spells: 3/12 levels left

rFire    + . .     SeeInvis .   u - -2 mace (curse)
rCold    . . .     Gourm    .   (no shield)
rNeg     . . .     Faith    .   (armour unavailable)
rPois    .         Spirit   .   a - +0 hat
rElec    .         Reflect  .   (no cloak)
rCorr    .         Harm     .   (no gloves)
MR       +....     Rnd*Rage +   (no boots)
Stlth    ++........             (no amulet)
HPRegen  0.12/turn              f - ring of protection from magic
MPRegen  0.17/turn              o - ring of magical power

@: no status effects
A: unfitting armour, claws 1, berserk 1, dopey 1, fire resistance 1, screaming
1, strong 1, cold-blooded, AC +5
a: no special abilities


You were on level 2 of the Dungeon.
You were hungry.

You visited 1 branch of the dungeon, and saw 3 of its levels.

You collected 103 gold pieces.

Inventory:

Hand Weapons
 i - a +0 whip
 j - a +0 hunting sling
 u - a cursed -2 mace (weapon)
Missiles
 b - 137 stones (quivered)
 h - 20 sling bullets
 q - 2 throwing nets
Armour
 a - a +0 hat (worn)
Jewellery
 f - a ring of protection from magic (left claw)
 g - an uncursed ring of fire
 o - a ring of magical power (right claw)
Wands
 r - a wand of disintegration (13)
Scrolls
 e - 2 scrolls of fear
 l - 2 scrolls of teleportation
 s - a scroll of identify
Potions
 d - a potion of degeneration {unknown}
 k - a potion of brilliance {unknown}
 m - a potion of invisibility {unknown}
 n - a potion of haste {unknown}
 p - a potion of flight {unknown}
Comestibles
 c - 3 rations


   Skills:
 - Level 1.7 Dodging
 - Level 1.7 Stealth
 - Level 4.0 Spellcasting
 - Level 4.2 Conjurations
   Level 1.0 Summonings
 - Level 1.0 Translocations
 + Level 0.0 Fire Magic
 + Level 0.0 Air Magic


You had 3 spell levels left.
You knew the following spells:

 Your Spells              Type           Power        Failure   Level  Hunger
a - Magic Dart            Conj           ###.         2%          1    None
b - Conjure Flame         Conj/Fire      ##......     21%         3    ###....
c - Mephitic Cloud        Conj/Pois/Air  #.......     26%         3    ###....
d - Blink                 Tloc           N/A          16%         2    ##.....

Your spell library contained the following spells:

 Spells                   Type           Power        Failure   Level  Hunger
 Call Imp                 Summ           #.......     16%         2    ##.....
 Slow                     Hex            #.......     24%         2    ##.....


Dungeon Overview and Level Annotations

Branches:
Dungeon (3/15)

Altars:


Innate Abilities, Weirdness & Mutations

Your plain brown scales are hard. (AC +5)
You cannot fit into any form of body armour.
You are cold-blooded and may be slowed by cold attacks.
You have sharp fingernails.
You tend to lose your temper in combat.
You are dopey. (Int -2)
Your flesh is heat resistant. (rF+)
You occasionally shout uncontrollably at your foes.
Your muscles are strong. (Str +2)


Message History

Confirm with . or Enter, or press ? or * to list all spells.
Aiming: Magic Dart (safe; 2% risk of failure)
Press: ? - help, Shift-Dir - straight line, f - orc
Aim: an orc, wielding a +0 flail The magic dart hits the orc.
The orc is lightly wounded.
The orc priest misses you. The orc hits you with a +0 flail!
* * * LOW HITPOINT WARNING * * *
The orc priest closely misses you.
The orc priest casts a cantrip, but nothing happens.
Casting: Magic Dart (safe; 2% risk of failure)
Confirm with . or Enter, or press ? or * to list all spells.
Aiming: Magic Dart (safe; 2% risk of failure)
Press: ? - help, Shift-Dir - straight line, f/p - orc
Aim: an orc, wielding a +0 flail (lightly wounded)
The magic dart hits the orc priest but does no damage.
The orc priest is lightly wounded.
The orc priest invokes the aid of Beogh against you.
Beogh smites you!
You die...

#..##..## #####....#.
#.###.<.###..........
####.###.#.#...####..###
#..........#.####......#
#.#..........####.#.##..
##.#................<....
###..#........#....#.#.##.#
#...##...............#.##..
##.###....@................
##...######..##.............
##.....## #..o..............
#...†...# ####o.............
#.......# ####...#####......
#.......####.[>.### ##.....
##.....#.....#### ##.....
##.......##### #......
#.......## #......


You could see an orc priest and an orc.

Vanquished Creatures
  2 orc wizards
  4 adders
  An ooze (D:2)
  4 worms (D:2)
  3 dart slugs
  3 orcs (D:3)
  4 giant cockroaches
  5 goblins
  6 hobgoblins
  3 jackals (D:2)
  6 kobolds
  A quokka (D:2)
  7 bats
  2 frilled lizards (D:2)
  10 rats
61 creatures vanquished.

Notes
Turn   | Place    | Note
-------+----------+-------------------------------------------
     0 | D:1      | Gunnerkreig the Draconian Wizard began the quest for the
                  | Orb.
     0 | D:1      | Reached XP level 1. HP: 14/14 MP: 4/4
   348 | D:1      | Reached XP level 2. HP: 19/20 MP: 1/6
  1197 | D:2      | Reached XP level 3. HP: 26/26 MP: 2/7
  1361 | D:2      | Learned a level 3 spell: Conjure Flame
  1365 | D:2      | Learned a level 3 spell: Mephitic Cloud
  1756 | D:2      | Reached XP level 4. HP: 33/33 MP: 2/9
  2126 | D:2      | Gained mutation: You occasionally shout uncontrollably at
                  | your foes. [potion of mutation]
  2126 | D:2      | Gained mutation: Your mind is acute. (Int +2) [potion of
                  | mutation]
  2126 | D:2      | Gained mutation: Your muscles are strong. (Str +2) [potion
                  | of mutation]
  2127 | D:2      | Lost mutation: Your mind is acute. (Int +2) [potion of
                  | mutation]
  2127 | D:2      | Gained mutation: You are dopey. (Int -2) [potion of
                  | mutation]
  2127 | D:2      | Gained mutation: Your flesh is heat resistant. (rF+)
                  | [potion of mutation]
  2127 | D:2      | Gained mutation: You tend to lose your temper in combat.
                  | [potion of mutation]
  2127 | D:2      | Gained mutation: You have sharp fingernails. [potion of
                  | mutation]
  2496 | D:3      | Reached XP level 5. HP: 37/38 MP: 10/10
  2706 | D:2      | Learned a level 2 spell: Blink
  2852 | D:2      | Killed from afar by an orc priest

Levels and vault maps discovered:
D:1:      ncdulo_halloftheorcs, layout_basic
D:2:      layout_rooms, kennysheep_nondescript, minmay_tetromino_o4
D:3:      kennysheep_slugbush, layout_rooms, st_stairs_9, roderic_batcave,
          elyvilon_altar_3

Skill      XL: |  1  2  3  4  5 |
---------------+----------------+-----
Conjurations   | 2 3 4 |  4.2
Spellcasting   | 4 |  4.0
Dodging        | |  1.7
Stealth        | |  1.7
Summonings     | |  1.0
Translocations | |  1.0

Action                   |  1- 3 |  4- 6 || total
-------------------------+-------+-------++-------
Melee: Unarmed           |    35 |       ||    35
       Tailslap          |     2 |       ||     2
 Fire: Hunting sling     |    15 |    17 ||    32
 Cast: Magic Dart        |    85 |    76 ||   161
  Use: Scroll            |       |     6 ||     6
       Potion            |       |     2 ||     2
  Eat: Chunk             |     2 |     3 ||     5
Armor: Skin              |    22 |     4 ||    26
Dodge: Dodged            |    34 |    21 ||    55

Table legend:
 A = Non-vault XP
 B = Vault XP
 C = Vault XP percentage of total XP
 D = Non-vault monster count
 E = Vault monster count
 F = Vault count percentage of total count
                 A         B        C        D         E       F
            +---------+---------+-------+---------+---------+-------
      Total |     225 |      20 |   8.2 |      55 |       6 |   9.8
            +---------+---------+-------+---------+---------+-------
        D:1 |      33 |       0 |   0.0 |      20 |       0 |   0.0
        D:2 |     126 |      10 |   7.4 |      25 |       2 |   7.4
        D:3 |      66 |      10 |  13.2 |      10 |       4 |  28.6
            +---------+---------+-------+---------+---------+-------
